Map: Blueshift LE

Players

UpATree - Winner!

  • Race: Terran Terran
  • League: Master
  • Spawn Location: 7:00

fouka

  • Race: Terran Terran
  • League: Master
  • Spawn Location: 1:00

VOD

Have the link to the VOD?

Description

Time

  • Played on: Nov. 16, 2018, 11:47 p.m.
  • Length: 31:25
Show
View Real Time Build Order
Export as new Build Order

UpATree Terran - Winner!

Build Orders: Cyclone Opening 

Get SALT Encoding   

  12  0:00  SCV  
  13  0:13  SCV  
  14  0:17  Supply Depot  
  14  0:25  SCV  
  15  0:39  SCV  
  15  0:41  Barracks  
  16  0:46  Refinery  
  16  0:51  SCV  
  17  1:03  SCV  
  18  1:15  Refinery, SCV  
  19  1:32  Reaper  
  21  1:35  Orbital Command  
  20  1:55  Factory  
  20  2:01  SCV  
  20  2:05  Supply Depot  
  21  2:09  Reaper  
  21  2:13  SCV  
  23  2:26  SCV  
  24  2:32  Supply Depot  
  24  2:38  SCV  
  24  2:44  Cyclone  
  27  2:52  SCV  
  27  3:00  Barracks Reactor, Command Center  
  27  3:05  Starport  
  27  3:07  SCV  
  28  3:19  SCV, Engineering Bay  
  29  3:31  SCV  
  30  3:39  Cyclone  
  33  3:42  Medivac  
  33  3:43  SCV  
  36  3:50  Supply Depot  
  34  4:08  SCV  
  34  4:13  Marine x2  
  36  4:22  Viking  
  38  4:27  Factory Tech Lab  
  38  4:30  SCV  
  39  4:33  Missile Turret  
  39  4:37  Orbital Command  
  39  4:43  Barracks  
  39  4:47  Barracks  
  39  4:48  SCV  
  40  4:55  Liberator  
  40  4:57  Marine x2  
  42  5:04  Siege Tank  
  43  5:23  SCV  
  43  5:24  SCV  
  45  5:29  Marine  
  45  5:30  Marine  
  45  5:32  Barracks Tech Lab  
  45  5:35  Barracks Tech Lab  
  47  5:36  SCV  
  47  5:42  Supply Depot x2  
  48  5:46  Siege Tank  
  51  5:50  SCV  
  50  6:07  SCV x2  
  50  6:09  Marine x4  
  50  6:10  Combat Shield, Stimpack  
  56  6:16  Starport Reactor  
  56  6:20  SCV  
  56  6:21  Terran Infantry Weapons Level 1  
  56  6:24  Refinery  
  57  6:27  Marine, SCV  
  57  6:30  Marine x3  
  62  6:33  SCV  
  62  6:39  Siege Tank  
  66  6:40  SCV  
  66  6:45  Marine, SCV  
  69  6:52  SCV  
  66  6:55  Medivac, Marine  
  66  6:56  Marine x2  
  66  6:57  SCV  
  66  7:00  Supply Depot x2  
  71  7:04  SCV, Refinery  
  71  7:06  Marine  
  73  7:09  SCV  
  73  7:14  Marine x2  
  76  7:15  Marine  
  76  7:17  SCV  
  76  7:21  Siege Tank  
  81  7:30  Supply Depot x2  
  81  7:33  Marine x2  
  83  7:41  SCV  
  84  7:46  Concussive Shells  
  84  7:47  Medivac x2  
  84  7:48  Command Center  
  84  7:49  SCV  
  89  7:53  SCV  
  89  7:54  Supply Depot  
  89  7:55  Marine x2  
  89  7:56  Marine  
  89  7:57  Marine  
  94  8:01  SCV  
  94  8:08  Siege Tank  
  96  8:13  Marine x2  
  96  8:17  Command Center  
  96  8:18  Marine x2  
  100  8:20  SCV  
  96  8:30  Marine  
  96  8:31  Marine, SCV  
  95  8:36  Marine x2  
  90  8:47  Siege Tank  
  90  8:48  Marine x2, SCV  
  90  8:54  Marine x2  
  90  8:55  Medivac x2  
  91  8:56  SCV  
  91  9:00  SCV  
  91  9:02  Supply Depot x2  
  93  9:03  Terran Infantry Armor Level 1, Supply Depot  
  93  9:06  Marine x2  
  95  9:11  Marine  
  95  9:12  Marine  
  97  9:17  Barracks  
  97  9:20  Barracks, SCV  
  97  9:21  SCV  
  98  9:26  Marine x2  
  98  9:29  Marine  
  101  9:32  SCV  
  101  9:33  Orbital Command  
  101  9:35  Marine  
  101  9:36  Supply Depot  
  101  9:37  Siege Tank  
  106  9:41  SCV  
  106  9:44  SCV  
  108  9:58  Marine  
  108  9:59  Marine x2  
  106  10:00  Marine  
  103  10:08  SCV  
  100  10:16  Marine  
  100  10:17  Marine  
  100  10:20  Marine  
  105  10:22  Orbital Command  
  105  10:23  Marine  
  106  10:33  Barracks Reactor, Barracks Tech Lab, Marine  
  103  10:36  Starport  
  103  10:37  Starport  
  103  10:40  Marine x3  
  103  10:41  Medivac x2, Siege Tank  
  113  10:46  Armory  
  113  10:47  Supply Depot x2  
  113  10:48  Engineering Bay  
  113  10:49  SCV  
  108  10:57  Refinery  
  108  10:58  Marine  
  108  10:59  Marine, Marauder  
  108  11:00  Marine  
  108  11:01  Refinery  
  113  11:10  SCV  
  93  11:27  Marine x2  
  93  11:28  Marine, Marauder x2, Siege Tank  
  93  11:29  Starport Tech Lab  
  93  11:31  Starport Reactor  
  93  11:32  SCV x2  
  103  11:34  Terran Infantry Weapons Level 2, Terran Infantry Armor Level 2  
  103  11:44  Marine  
  103  11:45  Marine, Marauder  
  103  11:46  Viking  
  109  11:50  Marine x2, Marauder  
  105  12:02  Marine  
  105  12:03  Marine  
  105  12:07  Viking, Siege Tank  
  105  12:08  Marine  
  115  12:10  Viking x2  
  115  12:15  Liberator  
  116  12:18  Sensor Tower  
  116  12:23  Marine x2  
  116  12:24  Marauder  
  120  12:31  Viking  
  120  12:35  Terran Ship Weapons Level 1  
  120  12:36  Fusion Core  
  125  12:41  Marine x3, Marauder  
  130  12:46  Missile Turret  
  102  13:07  Marine x4, Marauder x2  
  102  13:08  Marauder, Siege Tank  
  98  13:17  Command Center  
  98  13:24  Viking  
  98  13:25  Marine  
  101  13:28  Viking  
  101  13:34  Viking  
  101  13:36  Viking  
  101  13:37  Liberator  
  105  13:46  Viking  
  107  13:52  Advanced Ballistics  
  110  13:59  Viking  
  111  14:12  Viking x2  
  111  14:16  Medivac  
  117  14:20  Supply Depot  
  117  14:22  Supply Depot  
  117  14:26  Terran Infantry Weapons Level 3  
  117  14:29  Terran Vehicle And Ship Armor Level 1  
  117  14:45  Viking x3  
  123  14:56  Viking x2  
  123  14:58  Liberator x2  
  124  15:08  Marine x2  
  126  15:15  Viking  
  134  15:22  Refinery  
  134  15:29  Viking x2  
  136  15:40  Refinery  
  136  15:42  Liberator  
  131  15:45  Viking  
  131  15:49  Liberator  
  133  15:54  Marine x2  
  133  15:55  Marine, Marauder x2  
  140  15:58  Viking x2  
  146  16:16  Viking  
  146  16:18  Corvid Reactor  
  148  16:23  Planetary Fortress  
  148  16:33  SCV x3  
  151  16:45  Starport x2, SCV x3  
  153  16:49  Viking x2  
  157  16:57  SCV x2  
  159  17:04  Raven  
  161  17:10  Marine x2  
  161  17:11  Medivac  
  165  17:28  SCV x2  
  167  17:35  Starport Tech Lab x2  
  167  17:40  Marine x2, Marauder x2, Siege Tank  
  176  17:47  Raven  
  178  17:51  Command Center  
  169  18:05  Viking x2  
  169  18:06  Viking  
  172  18:12  Marine  
  172  18:13  Marine x2, Marauder x3, Siege Tank  
  167  18:32  Command Center  
  164  18:34  Viking x3  
  164  18:35  Viking  
  164  18:39  SCV  
  173  18:45  Siege Tank  
  176  18:51  SCV  
  176  18:53  Marine x3, Marauder  
  176  18:54  Marauder  
  168  19:17  Viking x2, Siege Tank  
  168  19:18  Viking x2  
  168  19:20  SCV  
  168  19:23  Viking  
  176  19:24  SCV  
  176  19:25  SCV  
  178  19:34  SCV x2  
  180  19:39  Refinery  
  180  19:45  Planetary Fortress  
  180  19:52  Raven  
  173  20:04  Marine x2  
  175  20:08  Raven  
  175  20:10  Liberator, Viking x2  
  176  20:24  Planetary Fortress  
  176  20:25  Liberator, Refinery  
  182  20:58  Terran Ship Weapons Level 2  
  182  21:02  Armory  
  182  21:03  Refinery  
  182  21:06  Refinery  
  182  21:10  Marine x3  
  182  21:11  Marauder x3  
  191  21:26  Raven  
  193  21:44  Marine x2  
  193  21:45  Viking x2, Marauder x2  
  168  22:03  Marine x3  
  168  22:04  Viking x2  
  168  22:05  Liberator x3  
  168  22:06  Marauder x2  
  172  22:19  Marine x2  
  172  22:20  Marine  
  177  22:28  Marauder  
  177  22:29  Marine x2  
  186  22:30  Marauder  
  186  22:36  Liberator  
  184  22:37  Marine, Marauder  
  184  22:39  Command Center  
  184  22:41  Command Center  
  178  22:48  Marine x3  
  178  22:49  Marauder  
  178  22:51  Marauder  
  183  22:54  Marine  
  185  22:59  Marauder  
  184  23:06  Marine x2  
  184  23:10  Marauder  
  184  23:12  Marauder  
  172  23:17  Marine x2  
  165  23:20  Marauder  
  165  23:21  Liberator x4  
  165  23:24  Marine x2  
  163  23:32  Marauder  
  163  23:34  Marauder  
  170  23:42  Marauder  
  172  23:53  Marauder  
  174  24:00  Marine x2  
  174  24:01  Marauder  
  178  24:03  Marauder  
  172  24:10  Liberator x3  
  156  24:25  Marine x2  
  156  24:26  Marine x2, Marauder x3  
  173  24:39  Siege Tank  
  173  24:43  Marine x3  
  173  24:44  Marine  
  180  24:47  Marauder  
  173  25:03  Viking x4  
  175  25:10  Viking x2  
  179  25:14  Marine  
  179  25:15  Marine x2, Marauder x2  
  179  25:16  Command Center  
  179  25:20  Marine  
  189  25:21  Marauder  
  189  25:43  Planetary Fortress  
  188  25:55  SCV x2  
  188  25:56  SCV x2  
  190  26:24  Marine x3  
  190  26:25  Marine, Marauder x3  
  194  26:44  Marine x3  
  194  26:45  Siege Tank  
  186  27:03  Liberator x6  
  173  27:17  Siege Tank  
  173  27:21  Marine x3  
  173  27:22  Marauder  
  199  27:34  Marine  
  200  27:47  Planetary Fortress  
  200  28:06  Refinery  
  200  28:08  Refinery  
  187  28:58  Viking x3  
  187  28:59  Viking x2  
  187  29:00  Raven x2  
  189  29:07  Marine x2, Marauder x2  
  182  29:22  Marine  
  182  29:23  Marine, Marauder  
  180  29:25  Marine  
  180  29:27  SCV x2  
  180  29:28  Raven, Viking x2  
  189  29:32  Marine, Marauder x2  
  189  29:33  Siege Tank  
  193  29:40  Marine  
  193  29:43  Viking  
  196  29:51  Command Center  
  196  29:52  Command Center x2  
  196  29:58  Marine x2  
  198  30:08  Marine x2  
  198  30:09  Marauder  
  199  30:15  SCV  
Show
View Real Time Build Order
Export as new Build Order

fouka Terran 

Build Orders: Cyclone Opening, Mech 

Get SALT Encoding   

  12  0:01  SCV  
  13  0:13  SCV  
  14  0:18  Supply Depot  
  14  0:26  SCV  
  15  0:29  Refinery  
  15  0:40  SCV  
  16  0:46  Barracks  
  16  0:52  SCV  
  18  1:04  SCV  
  18  1:16  SCV  
  19  1:20  Refinery  
  20  1:34  Reaper  
  20  1:35  Orbital Command  
  20  1:49  Factory  
  20  2:01  SCV  
  20  2:03  Supply Depot  
  20  2:06  Reaper  
  22  2:18  SCV  
  23  2:30  SCV  
  23  2:36  Cyclone  
  27  2:42  SCV  
  28  2:47  Reaper  
  29  2:54  SCV  
  29  2:55  Command Center  
  29  3:09  SCV  
  29  3:10  Supply Depot  
  30  3:29  Barracks Reactor  
  30  3:32  Cyclone  
  33  3:35  Command Center  
  34  3:41  SCV  
  34  3:49  Supply Depot  
  34  3:53  SCV  
  29  4:05  SCV  
  29  4:09  Orbital Command  
  29  4:11  Refinery  
  29  4:24  Cyclone x2  
  29  4:25  SCV  
  36  4:37  SCV  
  36  4:38  SCV  
  35  4:49  SCV  
  35  4:50  SCV  
  37  4:56  Cyclone x2  
  43  5:01  SCV  
  43  5:05  Orbital Command  
  44  5:22  Supply Depot  
  44  5:23  SCV x2  
  44  5:26  Orbital Command  
  46  5:30  Cyclone x2  
  46  5:35  SCV  
  53  5:37  Supply Depot  
  53  5:38  Engineering Bay  
  53  5:40  Supply Depot  
  53  5:44  SCV  
  53  5:45  Refinery  
  53  5:47  SCV  
  52  6:03  SCV x2  
  51  6:05  Cyclone x2  
  54  6:14  SCV  
  54  6:15  SCV  
  56  6:21  Missile Turret  
  56  6:23  Missile Turret  
  56  6:27  SCV  
  56  6:28  Factory  
  56  6:29  Factory, SCV  
  56  6:31  SCV  
  58  6:41  SCV  
  58  6:43  SCV  
  58  6:45  Refinery  
  58  6:46  Refinery  
  60  6:56  SCV  
  61  7:01  SCV  
  61  7:02  SCV  
  61  7:03  Cyclone  
  61  7:04  Cyclone  
  69  7:09  Missile Turret, SCV  
  69  7:12  Factory Tech Lab  
  69  7:13  Starport, SCV  
  69  7:14  Barracks Reactor  
  69  7:15  Factory Tech Lab  
  71  7:16  SCV  
  72  7:28  SCV x2  
  74  7:32  Sensor Tower  
  74  7:34  Siege Tank x2  
  80  7:39  Supply Depot  
  80  7:40  SCV x2  
  80  7:41  Supply Depot  
  82  7:49  Supply Depot  
  82  7:50  Supply Depot  
  82  7:53  Hellion  
  84  8:00  Hellion  
  86  8:13  Command Center  
  64  8:38  SCV  
  64  8:39  SCV  
  64  8:40  SCV  
  55  8:51  SCV x2  
  50  8:57  Viking x2, SCV  
  50  8:58  Hellion x2  
  59  9:03  SCV x2  
  59  9:09  SCV  
  62  9:11  Siege Tank  
  62  9:12  Widow Mine  
  62  9:15  SCV x2  
  69  9:21  SCV  
  69  9:23  Hellion x2  
  74  9:26  Sensor Tower  
  74  9:27  SCV x2  
  76  9:33  Siege Tank  
  76  9:34  Orbital Command  
  79  9:43  Siege Tank  
  82  9:59  Hellion  
  79  10:05  Siege Tank  
  72  10:15  Liberator, Siege Tank  
  72  10:31  Hellion  
  72  10:32  Hellion  
  72  10:33  Viking  
  72  10:34  SCV  
  82  10:37  Siege Tank  
  85  10:45  Orbital Command  
  85  10:48  Siege Tank  
  88  10:53  Hellion  
  87  11:09  Siege Tank  
  87  11:12  Orbital Command  
  87  11:20  Siege Tank  
  87  11:21  Command Center  
  90  11:30  SCV x2  
  92  11:34  Factory  
  92  11:36  Factory  
  92  11:39  SCV  
  93  11:41  Siege Tank  
  93  11:42  SCV x2  
  98  11:52  Siege Tank  
  101  11:55  Viking x2  
  97  12:04  Refinery  
  97  12:10  Missile Turret  
  97  12:11  Hellion x2  
  97  12:12  Missile Turret  
  97  12:13  Missile Turret, Sensor Tower, Siege Tank  
  104  12:16  Armory x2  
  104  12:19  Infernal Pre-Igniter  
  104  12:20  Factory Tech Lab  
  104  12:21  Factory Reactor  
  105  12:22  SCV  
  105  12:23  SCV  
  106  12:40  Orbital Command  
  106  12:46  SCV x3  
  109  13:05  Orbital Command  
  104  13:13  Hellion, Siege Tank x3  
  104  13:14  Hellion x2  
  119  13:28  Viking x2, Hellion  
  119  13:34  Starport  
  122  13:37  Refinery  
  122  13:40  Refinery  
  122  13:41  Hellion  
  122  13:42  Hellion  
  122  13:45  Siege Tank x2  
  132  13:49  Missile Turret  
  132  13:50  Sensor Tower  
  132  13:54  Terran Vehicle Weapons Level 1, Supply Depot, Terran Vehicle And Ship Armor Level 1  
  132  13:55  Supply Depot  
  132  13:57  Supply Depot  
  132  13:58  Supply Depot  
  132  13:59  Supply Depot  
  132  14:02  Hellion  
  132  14:03  Command Center  
  132  14:04  Hellion  
  132  14:09  Starport  
  132  14:10  Barracks Reactor  
  132  14:12  Missile Turret  
  132  14:15  SCV x3, Siege Tank  
  138  14:25  Missile Turret  
  138  14:28  Missile Turret  
  138  14:34  Command Center  
  138  14:35  Starport Reactor  
  138  14:36  Viking x2  
  142  14:41  Armory  
  141  15:03  Thor x2  
  141  15:04  Widow Mine x2  
  141  15:06  Viking x2  
  148  15:16  Missile Turret  
  148  15:17  Missile Turret  
  148  15:24  Viking x2  
  148  15:25  Viking x2  
  154  15:38  Viking x2  
  142  15:54  Viking x2  
  142  15:55  Viking x2  
  150  15:57  Refinery  
  145  16:08  Viking x2  
  149  16:12  Orbital Command  
  149  16:18  Planetary Fortress  
  149  16:22  Starport  
  149  16:24  Terran Vehicle And Ship Armor Level 2, Viking, Terran Ship Weapons Level 1  
  151  16:27  Terran Vehicle Weapons Level 2  
  151  16:33  Widow Mine x3  
  157  16:45  Orbital Command  
  157  16:48  Viking  
  157  16:49  Viking x3  
  165  16:57  Drilling Claws  
  165  16:59  Starport Reactor  
  165  17:06  Missile Turret  
  165  17:08  Missile Turret  
  165  17:10  Missile Turret  
  165  17:16  Sensor Tower  
  165  17:17  Missile Turret  
  165  17:23  Hellion x2  
  165  17:24  Viking x2  
  173  17:30  Supply Depot  
  173  17:31  SCV  
  173  17:34  Siege Tank  
  177  17:39  SCV  
  177  17:44  Hellion x2  
  182  17:48  SCV  
  182  17:49  Refinery  
  169  18:00  SCV  
  170  18:11  Viking x2  
  168  18:20  Viking x3  
  168  18:21  Viking x2  
  163  18:36  Viking  
  163  18:38  Widow Mine  
  161  18:41  Viking x2  
  161  18:48  Command Center  
  165  18:50  Viking x2  
  165  19:04  Viking x3  
  161  19:35  Viking  
  161  19:38  Command Center, Terran Vehicle And Ship Armor Level 3  
  167  19:40  Terran Vehicle Weapons Level 3  
  167  19:41  Terran Ship Weapons Level 2  
  160  20:12  Viking  
  160  20:13  Viking x2  
  166  20:25  Missile Turret, Widow Mine x3  
  166  20:26  Missile Turret x2, Refinery  
  166  20:27  Missile Turret, SCV x3  
  175  20:29  Refinery  
  175  20:30  Viking  
  177  20:39  Viking  
  177  20:40  Viking  
  181  20:51  Viking x2  
  181  20:52  Planetary Fortress  
  183  21:03  Missile Turret  
  182  21:04  Missile Turret  
  182  21:06  Viking x2  
  186  21:14  Siege Tank  
  186  21:15  Siege Tank  
  192  21:46  Siege Tank  
  132  22:32  Siege Tank x3  
  132  22:33  Hellion  
  132  22:36  Missile Turret  
  143  22:37  Missile Turret  
  143  22:39  Command Center  
  128  22:58  Viking x5  
  132  22:59  Viking x2  
  132  23:03  Viking  
  128  23:20  Siege Tank x2  
  130  23:28  Viking x2  
  126  23:39  Widow Mine  
  126  23:52  Widow Mine  
  126  23:53  Widow Mine  
  116  24:12  Widow Mine  
  77  24:36  Missile Turret, Factory x2  
  77  24:37  Missile Turret  
  69  25:09  Factory  
  69  25:10  Missile Turret  
  69  25:12  Missile Turret  
  69  25:13  Barracks  
  69  25:17  SCV  
  64  25:23  Factory Tech Lab x2  
  64  25:29  SCV  
  65  25:39  Starport x2  
  68  25:43  Siege Tank  
  68  25:44  Starport  
  68  25:47  Engineering Bay  
  71  25:56  Widow Mine  
  65  26:17  Viking  
  65  26:18  Missile Turret  
  65  26:23  Starport Reactor  
  65  26:25  Refinery  
  63  26:26  Refinery  
  63  26:35  Starport Reactor  
  59  27:06  Viking  
  59  27:07  Viking x2  
  65  27:15  Missile Turret  
  60  27:26  Missile Turret  
  53  27:30  SCV x3  
  56  27:43  SCV x2  
  58  27:58  Viking x4  
  64  27:59  Siege Tank x2  
  64  28:01  SCV  
  71  28:13  SCV  
  71  28:16  Orbital Command  
  71  28:17  Viking  
  74  28:27  SCV  
  74  28:29  SCV  
  74  28:31  Siege Tank  
  74  28:34  Viking x3  
  85  28:41  SCV  
  70  29:01  Viking x2  
  65  29:03  Viking  
  65  29:04  Viking  
  65  29:09  Siege Tank x2  
  67  29:16  Liberator  
  65  29:17  Liberator x2  
  65  29:19  SCV x3  
  66  29:32  Liberator  
  66  29:33  Viking  
  77  29:39  SCV x2  
  77  29:41  Siege Tank  
  83  29:45  SCV  
  86  29:58  SCV  
  87  30:03  Viking  
  87  30:04  SCV  
  87  30:05  SCV  
  91  30:24  Supply Depot x2  
  82  30:45  SCV x3, Viking x2  
  76  30:51  Viking x3  
  76  30:52  SCV  
  77  30:57  SCV x2  
  81  31:21  Armory  
Tags
 
Add a new tag
Caveats
  • Supply blocks, unpowered buildings, or Contaminate may cause inaccurate times.
  • Supply counts are checked every 10 seconds.